 Dungeon Crawl Stone Soup version 0.25.1-2-g60ff931df9 (webtiles) character file.

Game seed: 8875190230493838698

13997 Garessta the Basher (level 12, -6/127 HPs)
             Began as an Ogre Fighter on Oct 17, 2020.
             Was a High Priest of the Shining One.
             Mangled by a hornet (15 damage)
             ... on level 12 of the Dungeon.
             The game lasted 00:33:21 (11542 turns).

Garessta the Basher (Ogre Fighter)                 Turns: 11542, Time: 00:33:21

Health: -6/127     AC:  6    Str: 27    XL:     12   Next: 11%
Magic:  12/12      EV: 12    Int:  9    God:    the Shining One [*****.]
Gold:   803        SH: 11    Dex:  8    Spells: 11/11 levels left

rFire    . . .     SeeInvis .   z - +2 flail (venom)
rCold    + . .     Gourm    .   c - +1 kite shield
rNeg     + + .     Faith    .   g - +0 steam dragon scales
rPois    +         Spirit   .   (helmet restricted)
rElec    .         Reflect  .   D - scarf {harm}
rCorr    .         Harm     +   (gloves unavailable)
MR       +....                  (boots unavailable)
Stlth    +.........             s - amulet of regeneration
HPRegen  0.71/turn              C - ring of protection from cold
MPRegen  0.13/turn              J - ring of poison resistance

@: berserk cooldown, slowed, glowing, very slow
A: large, unfitting armour, tough skin 1
a: Divine Shield, Cleansing Flame, Summon Divine Warrior, Renounce Religion


You were on level 12 of the Dungeon.
You worshipped the Shining One.
The Shining One was extremely pleased with you.
You were not hungry.

You visited 2 branches of the dungeon, and saw 15 of its levels.

You collected 803 gold pieces.

Inventory:

Hand Weapons
 z - a +2 flail of venom (weapon)
 G - a +0 morningstar
Missiles
 a - 8 boomerangs
 r - 7 atropa-tipped darts
 x - 41 poisoned darts (quivered)
 y - 182 stones
Armour
 c - a +1 kite shield (worn)
 g - +0 steam dragon scales (worn)
 p - a +0 cloak
 D - a scarf of harm (worn)
Jewellery
 b - an uncursed amulet of guardian spirit
 s - an amulet of regeneration (around neck)
 C - a ring of protection from cold (left hand)
 J - a ring of poison resistance (right hand)
Wands
 u - a wand of enslavement (8)
 B - a wand of paralysis (10)
Scrolls
 i - 4 scrolls of amnesia
 m - 3 scrolls of magic mapping
 t - 2 scrolls of identify
 w - 4 scrolls of enchant armour
 F - a scroll of vulnerability {unknown}
Potions
 d - 3 potions of might
 e - a potion of cancellation
 j - a potion of invisibility
 k - 3 potions of resistance
 n - 2 potions of heal wounds
 o - a potion of magic
 v - a potion of brilliance
 E - a potion of curing
 I - a potion of haste {unknown}
Comestibles
 f - 21 rations
 h - 2 chunks of flesh


   Skills:
 + Level 10.4 Fighting
 * Level 11.6 Maces & Flails
 + Level 6.8 Throwing
 + Level 7.3 Dodging
 - Level 0.6 Stealth
 + Level 7.3 Shields


You had 11 spell levels left.
You didn't know any spells.
Your spell library was empty.

Dungeon Overview and Level Annotations

Branches:
Dungeon (14/15)            Temple (1/1) D:5            Lair (0/6) D:11
    Orc (0/2) D:12
 Vaults: D:13-14

Altars:
Ashenzari
Cheibriados
Dithmenos
Elyvilon
Fedhas
Gozag
Hepliaklqana
Kikubaaqudgha
Makhleb
Nemelex Xobeh
Okawaru
Qazlal
Ru
Sif Muna
Trog
Uskayaw
Vehumet
Wu Jian
Xom
Yredelemnul
Zin
The Shining One

Shops:
D:8 (

Annotations:
D:13 Jorgrun


Innate Abilities, Weirdness & Mutations

You are too large for most types of armour.
You have tough skin. (AC +1)


Message History

A red film seems to cover your vision as you go berserk!
You feel yourself moving faster!
You feel mighty!
The howler monkey hoots and howls with incredible vigour!
The orc warrior hits you from afar with a +0 trident.
* * * LOW HITPOINT WARNING * * *
You block the ice beast's attack. The wyvern zombie closely misses you.
You hear a shout!
Unknown command.
You feel a strong urge to attack something.
The howler monkey hoots and howls with incredible vigour!
A large slime creature splits.
You feel your anger nearly subside.
You are no longer berserk.
You are exhausted.
You feel yourself slow down. You block the orc wizard's attack.
The orc wizard hits you but does no damage.
You block the hornet's attack.
A howler monkey comes into view.
Two slime creatures merge to form a large slime creature.
The orc wizard closely misses you. The hornet stings you!
You die...

* *,,******#......# *,,,>,,,* *
*,,* #......# *.......* * *,,*
#......# #.......# * *,,*
#......# #.......# * *,,*
#......# #.......#
*****,,**#####......# #.......#
,,,,,,,,,...........#####.......#
,,,,,,,,,........y..Oo..........#
,,,,*,,,,.......@oJJODJ.........#
,,*,,,*,,........o.Y.O.J........#
*,,,*,,,*...><....hJZo...........
,,*,,,*,,.#.......ocFy...........
*,,,*,,,*...#.......s#######.....
,,*,,,#...#.#........#,,,,,#.###+
*,,,*,,.#...#.......h#,,,,,#.#,,,
,,*,,.#...#.#.######.#,,,,,#.#,,,
*,,,*...#...#.# #†#,,,,,+F#,,,


You could see an eight-headed hydra, a large slime creature, 3 slime creatures,
2 two-headed ogres, a hornet, an orc warrior, a vampire mosquito, an ice beast,
an ogre, a bullfrog, a centaur, a scorpion, 2 howler monkeys, a jelly, an orc
priest, an orc wizard (fast, invisible), 2 orcs and a wyvern zombie.

Vanquished Creatures
  Harold (D:8)
  4 two-headed ogres
  Pikel (D:7)
  2 ugly things (D:12)
  Maurice (D:8)
  Maggie (D:8)
  A troll (D:6)
  6 hippogriffs
  A vampire (D:11)
  2 wraiths (D:10)
  A wyvern (D:10)
  5 yaks (D:11)
  3 hungry ghosts
  A soldier ant (D:10)
  A sky beast (D:7)
  A slave (D:7)
  3 ice beasts
  3 orc warriors
  A necrophage (D:7)
  3 ogres
  2 phantoms (D:8)
  7 centaurs
  Blork the orc (D:4)
  6 bullfrogs
  A wyvern zombie (D:10)
  4 scorpions
  20 killer bees
  8 wights
  3 howler monkeys (D:10)
  3 centaur zombies
  9 crimson imps
  7 hounds
  A quasit (D:6)
  2 bullfrog zombies (D:5)
  3 jellies
  6 orc priests
  A bullfrog skeleton (D:3)
  2 centaur skeletons (D:4)
  4 iguanas
  Natasha (thrice) (D:3)
  8 worker ants
  8 orc wizards
  2 howler monkey zombies (D:8)
  A worker ant zombie (D:10)
  3 gnolls (D:5)
  15 adders
  2 shadow imps
  An adder zombie (D:8)
  2 adder skeletons
  5 worms
  2 dart slugs
  5 leopard geckos
  34 orcs
  15 giant cockroaches
  2 gnoll zombies (D:2)
  6 goblins
  8 hobgoblins
  10 jackals
  4 quokkas
  A ball python (D:3)
  5 bats
  4 frilled lizards
  6 kobolds
  A leopard gecko skeleton (D:6)
  A quokka skeleton (D:5)
  2 quokka zombies
  6 rats
294 creatures vanquished.

Vanquished Creatures (others)
  A vault guard (D:13)
  2 orcs (D:7)
  3 plants (D:11)
6 creatures vanquished.

Grand Total: 300 creatures vanquished

Notes
Turn   | Place    | Note
-------+----------+-------------------------------------------
     0 | D:1      | Garessta the Ogre Fighter began the quest for the Orb.
     0 | D:1      | Reached XP level 1. HP: 24/24 MP: 1/1
   106 | D:1      | Reached skill level 2 in Maces & Flails
   411 | D:1      | Reached XP level 2. HP: 28/32 MP: 2/2
  1239 | D:2      | Found a hide-covered altar of Uskayaw.
  1283 | D:2      | Reached skill level 3 in Maces & Flails
  1283 | D:2      | Reached XP level 3. HP: 28/39 MP: 3/3
  1770 | D:2      | Reached XP level 4. HP: 46/48 MP: 4/4
  1783 | D:2      | Found a basalt altar of Yredelemnul.
  2240 | D:3      | Reached skill level 4 in Maces & Flails
  2488 | D:3      | Noticed Natasha
  2496 | D:3      | Killed Natasha
  2496 | D:3      | Reached XP level 5. HP: 36/54 MP: 5/5
  2539 | D:3      | Found an ornate altar of the Wu Jian Council.
  2674 | D:3      | You fall into a shaft and drop 3 floors!
  2699 | D:6      | Reached skill level 5 in Maces & Flails
  2706 | D:6      | Reached XP level 6. HP: 41/62 MP: 6/6
  2782 | D:5      | Entered Level 5 of the Dungeon
  2892 | D:5      | Found a sacrificial altar of Ru.
  2986 | D:5      | Found a staircase to the Ecumenical Temple.
  2994 | Temple   | Entered the Ecumenical Temple
  3120 | Temple   | Became a worshipper of the Shining One
  3200 | D:5      | Reached skill level 6 in Maces & Flails
  3381 | D:4      | Reached XP level 7. HP: 70/70 MP: 7/7
  3567 | D:3      | Noticed Natasha
  3586 | D:3      | Killed Natasha
  3679 | D:3      | Noticed Natasha
  3685 | D:3      | Killed Natasha
  4209 | D:4      | Reached skill level 7 in Maces & Flails
  4331 | D:4      | Reached * piety under the Shining One
  4499 | D:4      | Noticed Blork the orc
  4709 | D:4      | Killed Blork the orc
  4709 | D:4      | Reached skill level 5 in Fighting
  4709 | D:4      | Reached XP level 8. HP: 60/80 MP: 8/8
  4746 | D:4      | Found a shimmering blue altar of Sif Muna.
  4829 | D:4      | Found a bloodstained altar of Trog.
  4832 | D:4      | Found a hazy altar of Hepliaklqana.
  4952 | D:5      | Found a sparkling altar of Nemelex Xobeh.
  5421 | D:6      | Reached skill level 1 in Throwing
  5496 | D:6      | Noticed a troll
  5511 | D:6      | Killed a troll
  5908 | D:7      | Reached skill level 8 in Maces & Flails
  5991 | D:7      | Reached ** piety under the Shining One
  6004 | D:7      | Noticed Pikel
  6019 | D:7      | Reached XP level 9. HP: 79/89 MP: 9/9
  6034 | D:7      | Killed Pikel
  6685 | D:8      | Found a snail-covered altar of Cheibriados.
  6759 | D:8      | Found a shimmering altar of Xom.
  6759 | D:8      | Found a shattered altar of Ashenzari.
  6763 | D:8      | Found Suibevio's Weapon Emporium.
  6773 | D:8      | Reached skill level 9 in Maces & Flails
  6773 | D:8      | Reached skill level 5 in Dodging
  6784 | D:8      | Reached skill level 5 in Shields
  7000 | D:8      | Reached XP level 10. HP: 18/102 MP: 10/10
  7271 | D:8      | Noticed a two-headed ogre
  7275 | D:8      | Noticed Harold
  7279 | D:8      | Killed a two-headed ogre
  7291 | D:8      | Killed Harold
  7600 | D:8      | Found a white marble altar of Elyvilon.
  7626 | D:8      | Noticed Maggie
  7626 | D:8      | Noticed Maurice
  7678 | D:8      | Killed Maurice
  7678 | D:8      | Reached skill level 10 in Maces & Flails
  7678 | D:8      | Reached skill level 5 in Throwing
  7835 | D:8      | Killed Maggie
  8232 | D:9      | Found a radiant altar of Vehumet.
  8279 | D:9      | Reached *** piety under the Shining One
  8305 | D:9      | HP: 7/159 [poisoned by a killer bee]
  8310 | D:9      | HP: 6/159 [poisoned by a killer bee]
  8315 | D:9      | HP: 6/159 [poisoned by a killer bee]
  8321 | D:9      | HP: 7/159 [poisoned by a killer bee]
  8599 | D:9      | Noticed a two-headed ogre
  8607 | D:9      | Killed a two-headed ogre
  8607 | D:9      | Reached XP level 11. HP: 93/115 MP: 11/11
  8682 | D:9      | Found a shadowy altar of Dithmenos.
  8739 | D:9      | Noticed a two-headed ogre
  8755 | D:9      | Killed a two-headed ogre
  8954 | D:10     | Entered Level 10 of the Dungeon
  9543 | D:10     | Noticed a two-headed ogre
  9563 | D:10     | Killed a two-headed ogre
  9563 | D:10     | Reached skill level 11 in Maces & Flails
  9690 | D:10     | Identified the +0 chain mail "Visiurr" {rC+ rCorr Str+7
                  | Int-4}
  9734 | D:10     | Reached **** piety under the Shining One
 10199 | D:11     | Reached skill level 10 in Fighting
 10694 | D:11     | Found a shimmering altar of Xom.
 10812 | D:11     | Found a staircase to the Lair.
 10983 | D:11     | You fall into a shaft and drop 3 floors!
 10983 | D:14     | Noticed a centaur warrior
 10984 | D:14     | Noticed a phantasmal warrior
 10984 | D:14     | Noticed a death knight
 10984 | D:14     | Reached ***** piety under the Shining One
 10984 | D:14     | Noticed a manticore
 10992 | D:13     | Noticed a catoblepas
 11128 | D:12     | Noticed a red ugly thing
 11131 | D:12     | Noticed a green ugly thing
 11154 | D:12     | Killed a brown ugly thing
 11154 | D:12     | Reached XP level 12. HP: 99/126 MP: 12/12
 11252 | D:12     | You fall into a shaft and drop 2 floors!
 11438 | D:13     | Killed a vault guard
 11444 | D:13     | Noticed Jorgrun
 11497 | D:12     | Noticed a two-headed ogre
 11499 | D:12     | Noticed a two-headed ogre
 11503 | D:12     | Noticed an eight-headed hydra
 11542 | D:12     | Mangled by a hornet

Illustrated notes

Levels and vault maps discovered:
D:1:      kennysheep_arrival_seaside, layout_basic
D:2:      minmay_roachtagon, layout_rooms, lemuel_zombie_altar_yredelemnul,
          overflow_temple_1_default, first_ration, minmay_tetromino_l2
D:3:      layout_loops_corners, lemuel_doored_altar, uniq_natasha
D:4:      layout_gridville, minitemple, tgw_sif
D:5:      layout_basic, marbit_many_paths, lemuel_crystal_altar,
          minmay_temple_entry_slanted, kennysheep_small_square
D:6:      layout_rooms, st_stairs_11
D:7:      layout_rooms, grunt_ministairs_7, minivault_23, uniq_pikel
D:8:      minmay_angry_zag, layout_rooms, old_standard_altar,
          gammafunk_temple_overflow_wave, old_standard_altar, serial_shops,
          shop, uniq_harold, uniq_maggie, uniq_maurice
D:9:      layout_cross, nicolae_dithmenos_shadow_blocks, lemuel_crystal_altar
D:10:     layout_roguey
D:11:     layout_irregular_city, david_lair_shrubbed, basic_altar,
          serial_column_ruins, column_ruins_hut, column_ruins_grid_1,
          column_ruins_columns_straight, column_ruins_corridor_plus,
          grunt_tengu_nest
D:12:     layout_irregular_city, david_orc_3, serial_shops, shop,
          corexii_leaking_fountain, hex_medium
D:13:     layout_basic, ximxim_vaults_locker_room, gammafunk_ghost_spectres,
          minmay_protected_statue, uniq_sonja, uniq_frances, uniq_jorgrun
D:14:     layout_rooms, enter_bailey_2, kennysheep_small_circle, uniq_agnes
Temple:   nicolae_temple_figure_zero

Skill      XL: |  1  2  3  4  5  6  7  8  9 10 11 |
---------------+----------------------------------+-----
Maces & Flails | 2 3 4 5 6 7 8 9 10 11 | 11.6
Dodging        | 3 4 5 6 7 |  7.3
Shields        | 3 4 5 6 7 |  7.3
Fighting       | 5 6 7 9 10 | 10.4
Throwing       | 2 4 5 6 |  6.8
Stealth        | |  0.6

Action                   |  1- 3 |  4- 6 |  7- 9 | 10-12 || total
-------------------------+-------+-------+-------+-------++-------
Melee: Flail             |   153 |   171 |   247 |   406 ||   977
Throw: Dart              |       |       |    21 |    25 ||    46
       Stone             |       |       |     2 |       ||     2
       Boomerang         |       |       |       |     5 ||     5
  Use: Scroll            |       |    10 |    12 |     5 ||    27
       Potion            |       |     1 |     2 |     3 ||     6
  Eat: Chunk             |     3 |     5 |    13 |    15 ||    36
       Ration            |       |       |       |     1 ||     1
Armor: Robe              |    64 |    44 |    37 |     3 ||   148
       Steam dragon scal |       |       |       |    63 ||    63
       Skin              |       |       |       |     1 ||     1
Dodge: Dodged            |    67 |    59 |    90 |   164 ||   380
Block: Kite shield       |    77 |    70 |   140 |   211 ||   498
